 Dungeon Crawl Stone Soup version 0.32-a0-918-g0f22ef8d61 (webtiles) character file.

Game seed: 15008483162178704535

142 Fodor the Covered (level 5, -14/47 HPs)
             Began as a Minotaur Fighter on Apr 10, 2024.
             Demolished by an orc warrior
             ... wielding a +0 war axe
              (16 damage)
             ... on level 6 of the Dungeon.
             The game lasted 00:07:03 (1710 turns).

Fodor the Covered (Minotaur Fighter)                Turns: 1710, Time: 00:07:04

Health: -14/47     AC:  8    Str: 22    XL:     5   Next: 3%
Magic:  4/4        EV:  8    Int:  5    God:
Gold:   39         SH:  4    Dex: 10    Spells: 4/4 levels left

rFire   . . .        a - +0 war axe
rCold   . . .        c - +0 buckler
rNeg    . . .        b - +0 scale mail
rPois   .            (helmet restricted)
rElec   .            (no cloak)
rCorr   .            (no gloves)
SInv    .            j - +0 pair of boots
Will    .....        (no amulet) Stlth
                     (no ring)
HPRegen 0.27/turn    (no ring)
MPRegen 0.09/turn

%: no passive effects
@: lethally poisoned (-14 -> -17)
A: horns 2, retaliatory headbutt
a: no special abilities


You were on level 6 of the Dungeon.
You visited 1 branch of the dungeon, and saw 4 of its levels.

You collected 63 gold pieces.
You spent 24 gold pieces at shops.

Inventory:

Hand Weapons
 a - a +0 war axe (weapon)
Missiles
 k - 4 boomerangs (quivered)
Armour
 b - a +0 scale mail (worn)
 c - a +0 buckler (worn)
 j - a +0 pair of boots (worn)
Jewellery
 n - a ring of protection from fire
Talismans
 o - a blade talisman
Scrolls
 e - a scroll of poison {unknown}
 h - 2 scrolls of teleportation {unknown}
 l - a scroll of blinking {unknown}
 m - a scroll of summoning {unknown}
 q - a scroll of enchant weapon {unknown}
 r - a scroll of revelation {unknown}
 s - a scroll of identify
Potions
 d - a potion of might
 f - a potion of curing {unknown}
 g - a potion of degeneration {unknown}
 i - a potion of berserk rage {unknown}
 p - a potion of lignification {unknown}


   Skills:
 + Level 4.4 Fighting
 + Level 4.3 Axes
 + Level 4.7 Armour
 + Level 1.1 Dodging
 + Level 4.0 Shields


You had 4 spell levels left.
You didn't know any spells.
Your spell library contained the following spells:

 Spells                   Type           Power      Damage    Failure   Level
 Sandblast                Erth           0%         2d4       86%         1
 Maxwell's Portable Pile  Tloc           0%         2d(5-13)  99%         3
 Stone Arrow              Conj/Erth      0%         3d7       99%         3
 Brom's Barrelling Bould  Conj/Erth      0%         2d3       100%        4
 Arcjolt                  Conj/Air       0%         1d10      100%        5
 Maxwell's Capacitive Co  Air            0%         ∞         100%        8


Dungeon Overview and Level Annotations

Branches:
Dungeon (3/15)

Altars:

Shops:
D:6 *?*

Annotations:
D:2 1 runed translucent door, Crazy Yiuf


Innate Abilities, Weirdness & Mutations

You have a pair of horns on your head.
You reflexively headbutt those who attack you in melee.


Message History

An orc wizard comes into view. It is wielding a +2 dagger of venom.
The orc wizard shouts!
You hit the adder but do no damage. The adder bites you.
An orc warrior comes into view. It is wielding a +0 war axe.
The adder bites you.
You are poisoned.
The adder poisons you!
You slash the adder!
You kill the adder!
You feel sick.
You have reached level 5!
You slash the orc!
You kill the orc!
You feel sick.
The orc wizard mumbles some strange words.
The orc wizard flickers and vanishes!
Deactivating autopickup; reactivate with Ctrl-A.
You feel sick. The orc hits you with a +0 flail.
Things that are here:
a +0 club; a +0 leather armour; an orc corpse You barely miss the orc.
You feel sick.
You are no longer poisoned.
The orc barely misses you.
You closely miss something. You closely miss the orc warrior.
The orc warrior hits you with a +0 war axe!
You hear some strange, mumbled words.
A magic dart appears from out of thin air!
The magic dart hits you!
You miss something.
You hit the orc warrior but do no damage.
Something hits you.
You are poisoned.
You miss something. Your headbutt misses something. You barely miss the orc.
You hit the orc warrior.
You feel very sick.
The orc warrior hits you with a +0 war axe!
* * * LOW HITPOINT WARNING * * *
The orc closely misses you. Something hits you but does no damage.
The orc warrior hits you with a +0 war axe!
You die...

#..............
..............#
................
.................
.................
.................
.........{o......
...>.....@o#
#..........#
##..#.......#..#
....###.........# ..^.
#..#.#...##
##..####..###...#
...###... #.##.##....#
........###......##.##
#.##......## ##


You could see an orc warrior and an orc.

Vanquished Creatures
  A hound (D:6)
  Jessica (D:3)
  2 adders
  A ribbon worm (D:3)
  2 dart slugs
  5 orcs
  5 bats
  5 endoplasms
  2 giant cockroaches (D:2)
  4 goblins
  4 hobgoblins
  4 jackals (D:1)
  3 kobolds (D:3)
  2 quokkas (D:1)
  6 ball pythons
  A frilled lizard (D:1)
  3 rats
51 creatures vanquished.

Notes
Turn   | Place    | Note
-------+----------+-------------------------------------------
     0 | D:1      | Fodor the Minotaur Fighter began the quest for the Orb.
     0 | D:1      | Reached XP level 1. HP: 19/19 MP: 0/0
   128 | D:1      | Reached XP level 2. HP: 27/27 MP: 1/1
   459 | D:1      | Reached XP level 3. HP: 33/33 MP: 2/2
   705 | D:2      | Found a faded altar of an unknown god.
  1111 | D:2      | Reached skill level 1 in Dodging
  1348 | D:2      | Found a runed translucent door.
  1349 | D:2      | Noticed Crazy Yiuf
  1412 | D:3      | Noticed Jessica
  1416 | D:3      | Killed Jessica
  1417 | D:3      | Reached XP level 4. HP: 39/40 MP: 3/3
  1649 | D:3      | You fall into a shaft and drop 3 floors!
  1649 | D:6      | Found Seajur's Magic Scroll Shoppe.
  1649 | D:6      | Found Dataf's Jewellery Shoppe.
  1653 | D:6      | Found Saakiv's General Store.
  1653 | D:6      | Found Utumolel's General Store.
  1661 | D:6      | Bought a scroll of identify for 24 gold pieces
  1703 | D:6      | Noticed an orc warrior
  1705 | D:6      | Reached XP level 5. HP: 38/47 MP: 4/4
  1710 | D:6      | HP: 2/47 [orc warrior/+0 war axe (12)]
  1710 | D:6      | Demolished by an orc warrior

Illustrated notes

Levels and vault maps discovered:
D:1:      heliophobic_arrival_henge, layout_loops_ring
D:2:      layout_loops_ring, hellmonk_ecumenical_altar_run_dry,
          uniq_crazy_yiuf_cottage
D:3:      layout_loops_cross, mainiacjoe_overflow_six_doors_small,
          chequers_temple_overflow_statue_of_worship,
          nicolae_figureground_sparkle, uniq_jessica
D:6:      layout_cave_pools, marbit_many_paths, minmay_temple_entry_arrows,
          minmay_shop_grid_forest

Skill      XL: |  1  2  3  4 |
---------------+-------------+-----
Armour         | 4 |  4.7
Shields        | 4 |  4.0
Fighting       | 4 |  4.4
Axes           | 3 4 |  4.3
Dodging        | 1 |  1.1

Action                     |  1- 3 |  4- 6 || total
---------------------------+-------+-------++-------
  Melee: War axe           |    81 |    33 ||   114
         Headbutt          |    15 |     5 ||    20
 Armour: Scale mail        |    60 |    25 ||    85
  Dodge: Dodged            |    46 |    15 ||    61
  Block: Buckler           |    13 |     2 ||    15

Table legend: (Time is in decaauts)
 A = Elapsed time spent in this place.
 B = Non-inter-level travel time spent in this place.
 C = Inter-level travel time spent in this place.
 D = Time resting spent in this place.
 E = Time spent auto-exploring this place.
 F = Levels seen in this place.
 G = Mean time per level.
                   A        B        C        D        E       F      G
               +--------+--------+--------+--------+--------+-----+--------+
         Total |   1750 |   1728 |     22 |      0 |   1261 |   4 |  437.5 |
       Dungeon |   1750 |   1728 |     22 |      0 |   1261 |   4 |  437.5 |
               +--------+--------+--------+--------+--------+-----+--------+

Top non-repeatable levels by time:
     D:1: 714 daAuts
     D:2: 688 daAuts
     D:3: 283 daAuts
     D:6: 64 daAuts
